 Dungeon Crawl Stone Soup version 0.28.0-53-g5a82cb258f (webtiles) character file.

Game seed: 437753736834001166

4 Acheron the Magician (level 1, -2/13 HPs)
             Began as a Mummy Hedge Wizard on July 3, 2022.
             Slain by a quokka (4 damage)
             ... on level 1 of the Dungeon.
             The game lasted 00:01:20 (332 turns).

Acheron the Magician (Mummy Hedge Wizard)            Turns: 332, Time: 00:01:21

Health: -2/13      AC:  2    Str: 13    XL:     1   Next: 50%
Magic:  0/5        EV: 12    Int: 13    God:
Gold:   0          SH:  0    Dex: 11    Spells: 7/8 levels left

rFire   x . .      SeeInvis .   a - +0 dagger
rCold   + . .      Faith    .   (no shield)
rNeg    + + +      Spirit   .   b - +0 robe
rPois   ∞          Reflect  .   c - +0 hat
rElec   .          Harm     .   (no cloak)
rCorr   .          Rampage  .   (no gloves)
Will    .....                   (no boots)
Stlth   ++........              (no amulet)
HPRegen 0.04/turn               (no ring)
MPRegen 0.09/turn               (no ring)

@: no status effects
A: cold resistance 1, negative energy resistance 3, torment resistance 2, heat
vulnerability 1, no potions
a: no special abilities


You were on level 1 of the Dungeon.
You visited 1 branch of the dungeon, and saw 1 of its levels.

Inventory:

Hand Weapons
 a - a +0 dagger (weapon)
Armour
 b - a +0 robe (worn)
 c - a +0 hat (worn)
Scrolls
 d - a scroll of enchant weapon {unknown}


   Skills:
 * Level 1.6 Dodging
 * Level 1.5 Stealth
 + Level 4.2 Spellcasting
 * Level 0.7 Conjurations
 + Level 0.7 Summonings
 + Level 0.7 Translocations


You had 7 spell levels left.
You knew the following spells:

 Your Spells              Type           Power      Damage    Failure   Level
a - Magic Dart            Conj           16%        1d3       16%         1

Your spell library contained the following spells:

 Spells                   Type           Power      Damage    Failure   Level
 Slow                     Hex            8%         N/A       21%         1
 Blink                    Tloc           8%         N/A       22%         2
 Call Imp                 Summ           4%         N/A       22%         2
 Conjure Flame            Conj/Fire      3%         6-21      45%         3
 Mephitic Cloud           Conj/Pois/Air  3%         N/A       50%         3


Dungeon Overview and Level Annotations

Branches:
Dungeon (1/15)

Altars:


Innate Abilities, Weirdness & Mutations

You are immune to poison.
Your flesh is cold resistant. (rC+)
You are immune to negative energy. (rN+++)
You are immune to unholy pain and torment.
You are vulnerable to heat. (rF-)
You do not drink.


Message History

Your magical contamination has completely faded away.
You barely miss the quokka. The quokka misses you.
You miss the quokka. The quokka completely misses you.
You closely miss the quokka. The quokka closely misses you.
You hit the quokka but do no damage. The quokka closely misses you.
You barely miss the quokka. The quokka barely misses you.
The quokka misses you.
You closely miss the quokka. The quokka misses you.
You closely miss the quokka. The quokka closely misses you.
You barely miss the quokka. The quokka misses you.
You barely miss the quokka.
The quokka twitches its whiskers.
The quokka closely misses you.
You barely miss the quokka. The quokka bites you.
* * * LOW HITPOINT WARNING * * *
The quokka barely misses you.
Casting: Magic Dart (safe; 16% risk of failure)
Confirm with . or Enter, or press ? or * to list all spells.
Aiming: Magic Dart (safe; 16% risk of failure)
Press: ? - help, Shift-Dir - straight line, f/p - quokka
Aim: a quokka (100% to hit)
The magic dart hits the quokka but does no damage.
The quokka barely misses you.
Casting: Magic Dart (safe; 16% risk of failure)
Confirm with . or Enter, or press ? or * to list all spells.
Aiming: Magic Dart (safe; 16% risk of failure)
Press: ? - help, Shift-Dir - straight line, f/p - quokka
Aim: a quokka (100% to hit)
The magic dart hits the quokka.
The quokka is moderately wounded.
The quokka closely misses you.
Casting: Magic Dart (safe; 16% risk of failure)
Confirm with . or Enter, or press ? or * to list all spells.
Aiming: Magic Dart (safe; 16% risk of failure)
Press: ? - help, Shift-Dir - straight line, f/p - quokka
Aim: a quokka (moderately wounded, 100% to hit)
The magic dart hits the quokka.
The quokka is heavily wounded.
The quokka bites you.
You die...

#. ###.# ##.####....
.......†..##
...........###
.......?.... #........#
##.)#.#r########.#
#......@.........# #
###...##########.# .#
#..###########^###.# #
#####.≈≈≈≈≈≈≈≈≈≈≈≈≈≈≈.# #
#.##.....≈####≈≈≈≈≈####≈.#
#
#.##.###.≈#⌠.#######.8#≈.#
######.##.#
#.≈#..'.....'..#≈.##.
.......##.#
#.≈##'###+###'##≈....
.......##.#
#.≈≈#.#.....#.#≈≈.#.#


You could see a quokka.

Vanquished Creatures
  A hobgoblin (D:1)
  A ball python (D:1)
  A bat (D:1)
  2 frilled lizards (D:1)
5 creatures vanquished.

Notes
Turn   | Place    | Note
-------+----------+-------------------------------------------
     0 | D:1      | Acheron the Mummy Hedge Wizard began the quest for the Orb.
     0 | D:1      | Reached XP level 1. HP: 13/13 MP: 5/5
   332 | D:1      | Slain by a quokka

Illustrated notes

Levels and vault maps discovered:
D:1:      heliophobic_arrival_glass_houses, layout_basic,
          hellmonk_ecumenical_altar_lost_god

Action                   || total
-------------------------++-------
Melee: Dagger            ||    18
 Cast: Magic Dart        ||    10
Dodge: Dodged            ||    17
